AoeStats
← [CL]Sendoh

African Clearing

510838415Analyzed
2v2 RM · 14h ago on Oct 2, 2026· 28m 13s· 4 players
Game mode
Random Map
Map size
Medium (4 player)
Population
200
Speed
Normal
Resources
Standard
Victory
Conquest
Starting age
Dark Age
Ending age
Imperial Age
RankedLock teamsTeams togetherTeam positionsShared explorationLock speedFull tech treeHidden civsTurbo modeCheats
Victory
Defeat
🇨🇱 Mongols · Chile
1392
+19
🇨🇱 Mongols · Chile
1350
+19
🇨🇱 Italians · Chile
1448
-19
🇨🇱 Persians · Chile
1445
-19
[CL]Sendoh
3:57 Loom
12:43 Feudal Age
13:49 Double-Bit Axe
23:13 Castle Age
21:46 Scale Barding Armor
21:52 Forging
22:15 Bloodlines
23:35 Wheelbarrow
23:10 Gold Mining
24:32 Husbandry
25:47 Chain Barding Armor
28:21 Fletching
[CL]Jigsaw
3:12 Loom
11:34 Feudal Age
13:47 Town Watch
14:19 Forging
15:24 Scale Barding Armor
23:23 Castle Age
22:06 Double-Bit Axe
26:35 Fletching
26:07 Elite Skirmisher
SIM | El Pencil ☭
7:49 Loom
12:50 Feudal Age
17:34 Castle Age
16:08 Double-Bit Axe
20:49 Bow Saw
20:50 Fletching
24:45 Bodkin Arrow
SIM | PilSeN___
6:08 Loom
12:19 Loom
14:23 Feudal Age
18:23 Castle Age
17:41 Double-Bit Axe
17:37 Horse Collar
25:06 Town Watch
Connection lost

Rejoining the realm…

Still unreachable

The connection could not be restored.

Session expired

The server has moved on; the page needs a fresh start.